 Dungeon Crawl Stone Soup version 0.24.0-125-gc4c63601f3 (webtiles) character file.

Game seed: 12231479466476286717, levelgen mode: deterministic

200 Ponchio the Charmwright (level 5, -1/32 HPs)
             Began as a Gargoyle Skald on Mar 20, 2020.
             Killed by divine providence
             ... invoked by an orc priest
              (13 damage)
             ... on level 3 of the Dungeon.
             The game lasted 00:06:43 (2065 turns).

Ponchio the Charmwright (Gargoyle Skald)            Turns: 2065, Time: 00:06:44

Health: -1/32      AC: 12    Str: 15    XL:     5   Next: 79%
Magic:  9/9        EV: 12    Int: 13    God:
Gold:   90         SH:  0    Dex: 10    Spells: 7/10 levels left

rFire    . . .     SeeInvis .   a - +0 mace
rCold    . . .     Gourm    .   (no shield)
rNeg     + . .     Faith    .   k - +0 robe (curse)
rPois    ∞         Spirit   .   c - +0 helmet
rElec    +         Reflect  .   (no cloak)
rCorr    .         Harm     .   (no gloves)
MR       .....                  g - +0 pair of boots
Stlth    +.........             (no amulet)
HPRegen  0.10/turn              q - +4 ring of protection
MPRegen  0.11/turn              (no ring)

@: no status effects
A: negative energy resistance 1, electricity resistance, unbreathing,
petrification resistance, rot immunity, AC +4
a: no special abilities


You were on level 3 of the Dungeon.
You were not hungry.

You visited 1 branch of the dungeon, and saw 3 of its levels.

You collected 90 gold pieces.

Inventory:

Hand Weapons
 a - a +0 mace (weapon)
Armour
 b - a +0 leather armour
 c - a +0 helmet (worn)
 g - a +0 pair of boots (worn)
 k - a cursed +0 robe (worn)
Jewellery
 q - a +4 ring of protection (left hand)
Wands
 s - a wand of paralysis (2)
Scrolls
 h - 2 scrolls of identify {unknown}
 i - a scroll of amnesia {unknown}
 l - a scroll of random uselessness {unknown}
 n - a scroll of remove curse {unknown}
Potions
 e - 3 potions of curing {unknown}
 f - 2 potions of lignification {unknown}
 j - a potion of ambrosia {unknown}
 m - a potion of magic {unknown}
 o - 2 potions of cancellation {unknown}
 p - a potion of haste {unknown}
 r - a potion of brilliance {unknown}
 t - a potion of heal wounds {unknown}
Comestibles
 d - 8 rations
 u - a chunk of flesh


   Skills:
 + Level 3.6 Fighting
 + Level 3.3 Maces & Flails
 - Level 1.1 Armour
 - Level 1.5 Dodging
 + Level 3.1 Spellcasting
 + Level 3.7 Charms


You had 7 spell levels left.
You knew the following spells:

 Your Spells              Type           Power        Failure   Level  Hunger
a - Infusion              Chrm           ##..         4%          1    #......
b - Song of Slaying       Chrm           ##......     8%          2    ##.....

Your spell library contained the following spells:

 Spells                   Type           Power        Failure   Level  Hunger
 Shroud of Golubria       Chrm/Tloc      #.....       16%         2    ##.....
 Regeneration             Chrm/Necr      #.........   32%         3    ###....
 Spectral Weapon          Hex/Chrm       #.......     32%         3    ###....


Dungeon Overview and Level Annotations

Branches:
Dungeon (3/15)

Altars:
Makhleb


Innate Abilities, Weirdness & Mutations

You are resistant to torment.
Your stone body is resilient. (AC +4)
You are immune to poison.
You resist negative energy. (rN+)
You are resistant to electric shocks. (rElec)
You can survive without breathing.
You are immune to petrification.
You are immune to rotting.


Message History

The orc wizard blinks!
You hit the orc wizard but do no damage.
The orc wizard misses you. The orc closely misses you.
The orc completely misses you.
You hit the orc priest.
The orc priest is lightly wounded.
The orc wizard hits you but does no damage.
An orc comes into view. It is wielding a +0 war axe.
The orc hits you from afar with a +0 trident.
The orc hits you but does no damage.
The orc priest invokes the aid of Beogh against you.
Pain shoots through your body!
The orc wizard hits you but does no damage.
The orc moves out of view.
The orc priest looks satisfied for a moment.
The orc wizard casts a spell at you. The magic dart hits you.
The orc priest invokes the aid of Beogh against you.
Beogh smites you!
You die...

.# #.........# .#
#.........# .#
##...).....# .#
#....(.o...# .#
#..........# .#
#...oo.....# .#
##...o...(.#
.###############o#####.#
................@........
################.#####.###
#.# #.# #.# #.. ###


You could see an orc priest, an orc wizard and 3 orcs.

Vanquished Creatures
  An orc priest (D:3)
  An orc wizard (D:3)
  Ijyb (D:3)
  3 adders
  3 worms
  3 leopard geckos (D:1)
  5 orcs
  6 bats
  8 giant cockroaches
  8 hobgoblins
  2 kobolds
  2 quokkas
  2 ball pythons (D:1)
  4 frilled lizards
  14 goblins
  10 rats
73 creatures vanquished.

Notes
Turn   | Place    | Note
-------+----------+-------------------------------------------
     0 | D:1      | Ponchio the Gargoyle Skald began the quest for the Orb.
     0 | D:1      | Reached XP level 1. HP: 12/12 MP: 3/3
   180 | D:1      | Reached XP level 2. HP: 18/18 MP: 5/5
   435 | D:1      | Reached XP level 3. HP: 20/22 MP: 6/6
   813 | D:2      | Learned a level 2 spell: Song of Slaying
   866 | D:2      | Found a burning altar of Makhleb.
   970 | D:2      | Reached XP level 4. HP: 27/27 MP: 7/7
  1578 | D:3      | Noticed Ijyb
  1594 | D:3      | Paralysed by Ijyb for 5 turns
  1604 | D:3      | Killed Ijyb
  1604 | D:3      | Reached XP level 5. HP: 22/32 MP: 2/9
  2065 | D:3      | Killed from afar by an orc priest

Levels and vault maps discovered:
D:1:      saegor_arrival_simple_a, layout_basic, st_stairs_9,
          minmay_tetromino_t4
D:2:      layout_basic, old_standard_altar
D:3:      layout_basic, uniq_ijyb

Skill      XL: |  1  2  3  4  5 |
---------------+----------------+-----
Charms         | 3 |  3.7
Fighting       | 3 |  3.6
Maces & Flails | 3 |  3.3
Spellcasting   | 3 |  3.1
Armour         | |  1.1
Dodging        | |  1.5

Action                   |  1- 3 |  4- 6 || total
-------------------------+-------+-------++-------
Melee: Mace              |   114 |   154 ||   268
 Cast: Song of Slaying   |     1 |     1 ||     2
       Infusion          |       |     1 ||     1
  Eat: Chunk             |       |     4 ||     4
Armor: Leather armour    |    53 |       ||    53
       Robe              |    12 |    79 ||    91
Dodge: Dodged            |   109 |   110 ||   219
